 Dungeon Crawl Stone Soup version 0.31-a0-210-gccc998df9b (webtiles) character file.

Game seed: 16203784184788596293

43 qw the Shooter (level 3, 0/29 HPs)
             Began as a Minotaur Hexslinger on June 29, 2023.
             Slain by a phantom (6 damage)
             ... on level 2 of the Dungeon.
             The game lasted 00:00:18 (892 turns).

qw the Shooter (Minotaur Hexslinger)                 Turns: 892, Time: 00:00:19

Health: 0/29       AC:  3    Str: 12    XL:     3   Next: 37%
Magic:  3/3        EV: 12    Int: 10    God:
Gold:   59         SH:  0    Dex: 14    Spells: 3/4 levels left

rFire   . . .        Y - +1 sling
rCold   . . .        (no shield)
rNeg    . . .        d - +0 leather armour
rPois   .            (helmet restricted)
rElec   .            (no cloak)
rCorr   .            (no gloves)
SInv    .            (no boots)
Will    .....        (no amulet)
Stlth   +            (no ring)
HPRegen 0.24/turn    (no ring)
MPRegen 0.08/turn

%: no passive effects
@: no status effects
A: horns 2, retaliatory headbutt
a: no special abilities


You were on level 2 of the Dungeon.
You visited 1 branch of the dungeon, and saw 2 of its levels.

You collected 59 gold pieces.


Innate Abilities, Weirdness & Mutations

You have a pair of horns on your head.
You reflexively headbutt those who attack you in melee.


   Skills:
 - Level 2.0 Fighting
 + Level 3.9 Ranged Weapons
 - Level 2.1 Dodging
 - Level 1.0 Spellcasting
 - Level 2.0 Hexes


You had 3 spell levels left.
You knew the following spells:

 Your Spells              Type           Power      Damage    Failure   Level
a - Slow                  Hex            16%        N/A       19%         1

Your spell library contained the following spells:

 Spells                   Type           Power      Damage    Failure   Level
 Inner Flame              Hex/Fire       2%         N/A       65%         3
 Portal Projectile        Hex/Tloc       4%         N/A       65%         3
 Cause Fear               Hex            2%         N/A       88%         4

Inventory:

Hand Weapons
 Y - a +1 sling (weapon)
Armour
 d - a +0 leather armour (worn)
Scrolls
 a - 2 scrolls of fog {unknown}
 b - a scroll of amnesia {unknown}
Potions
 c - a potion of curing {unknown}
 f - a potion of brilliance {unknown}

Dungeon Overview and Level Annotations

Branches:
Dungeon (2/15)

Altars:
Fedhas


Message History

You kill the rat!
c - a fizzy sapphire potion
Found a leather armour.
You now have 59 gold pieces (gained 16).
A phantom comes into view.
You shoot a sling bullet.
The sling bullet closely misses the phantom.
You shoot a sling bullet.
The sling bullet barely misses the phantom.
You shoot a sling bullet. The sling bullet hits the phantom!
The phantom is moderately damaged.
You shoot a sling bullet.
The sling bullet hits the phantom but does no damage.
The phantom is moderately damaged.
You shoot a sling bullet.
The sling bullet completely misses the phantom.
The phantom barely misses you.
You shoot a sling bullet. The sling bullet hits the phantom.
The phantom is moderately damaged.
The phantom hits you.
The phantom blinks!
You blink.
A goblin, a giant cockroach and a quokka come into view.
Found a stone staircase leading down.
The phantom hits you.
You shoot a sling bullet.
The sling bullet barely misses the phantom.
The phantom hits you.
You shoot a sling bullet. The sling bullet hits the phantom.
The phantom is heavily damaged.
The giant cockroach closely misses you. You furiously retaliate!
You headbutt the giant cockroach, but do no damage.
The goblin closely misses you. You furiously retaliate!
You headbutt the goblin.
You kill the goblin!
The phantom hits you.
You shoot a sling bullet.
The sling bullet closely misses the phantom.
The giant cockroach bites you. The phantom hits you.
The giant cockroach bites you.
You shoot a sling bullet.
The sling bullet closely misses the phantom.
The phantom hits you.
The phantom blinks!
You blink.
The phantom hits you.
You die...

*..............##***,********* *
*..............#*,,,,* *
*..............#*,#*** *
*..............#*.#
****..............#..#
,,**..............#.#*
*,,+............$...#
****...............#####***
,,,,.##...######@.......,,*
****+*###.,,.**#W..#####*,*******
*,,,,,,,..,,...#..[..###*,**,,,,,
*,,,,,,...,,*#....!¤...#*,**,****
*,,,,,...,,,*#.>..B¤...#*,**,****
+,,,,,,,,,,,*##....)r..#*,**,,,*,
*,,,,,,,,,,,* #........#*,****,**
************* #........#*,****,**
#........#*,,,,,,,,


You could see a phantom, a quokka and a giant cockroach.

Vanquished Creatures
  2 adders (D:2)
  2 dart slugs (D:2)
  3 ball pythons
  A bat (D:1)
  An endoplasm (D:2)
  2 goblins
  2 hobgoblins (D:1)
  A quokka (D:1)
  2 frilled lizards (D:1)
  3 kobolds (D:1)
  5 rats
24 creatures vanquished.

Notes
Turn   | Place    | Note
-------+----------+-------------------------------------------
     0 | D:1      | qw the Minotaur Hexslinger began the quest for the Orb.
     0 | D:1      | Reached XP level 1. HP: 16/16 MP: 1/1
     0 | D:1      | 0 ||| qw: Version: 0.3-a-24-ga2abf7b
     0 | D:1      | 0 ||| qw: Game counter: 6812
     0 | D:1      | 0 ||| qw: Melee chars always use a shield: true
     0 | D:1      | 0 ||| qw: God list: Okawaru
     0 | D:1      | 0 ||| qw: Allow faded altars: false
     0 | D:1      | 0 ||| qw: Do Orc after clearing Dungeon:15 true
     0 | D:1      | 0 ||| qw: Do second Lair branch before Depths: true
     0 | D:1      | 0 ||| qw: Lair rune preference: random
     0 | D:1      | 0 ||| qw: Goals: Normal
     0 | D:1      | 0 ||| PLANNING D:1-11
   200 | D:1      | Reached skill level 3 in Ranged Weapons
   200 | D:1      | Reached XP level 2. HP: 23/23 MP: 2/2
   507 | D:1      | 507 ||| UPGRADING to +0 leather armour.
   517 | D:1      | 517 ||| DROPPING +0 robe.
   518 | D:1      | 518 ||| READING scroll labelled UMEINO DUNY.
   519 | D:1      | 519 ||| DROPPING scroll of poison.
   590 | D:2      | 590 ||| READING scroll labelled SITHRA WUETETS.
   601 | D:2      | Reached XP level 3. HP: 29/29 MP: 3/3
   833 | D:2      | Found a blossoming altar of Fedhas.
   882 | D:2      | Noticed a phantom
   892 | D:2      | HP: 6/29 [phantom (3)]
   892 | D:2      | Slain by a phantom

Levels and vault maps discovered:
D:1:      onia_arrival_mini_maze_b, layout_rooms
D:2:      layout_basic, basic_altar, minmay_pentomino_z4, uniq_terence

Skill      XL: |  1  2 |
---------------+-------+-----
Ranged Weapons | 3 |  3.9
Fighting       | 2 |  2.0
Dodging        | |  2.1
Spellcasting   | |  1.0
Hexes          | |  2.0

Action                     || total
---------------------------++-------
   Fire: Sling             ||    70
    Use: Scroll            ||     2
 Armour: Leather armour    ||     3
  Dodge: Dodged            ||    18

Table legend:
 A = Non-vault XP
 B = Vault XP
 C = Vault XP percentage of total XP
 D = Non-vault monster count
 E = Vault monster count
 F = Vault count percentage of total count
                 A         B        C        D         E       F
            +---------+---------+-------+---------+---------+-------
      Total |      44 |      18 |  29.0 |      20 |       4 |  16.7
            +---------+---------+-------+---------+---------+-------
        D:1 |      20 |       2 |   9.1 |      14 |       1 |   6.7
        D:2 |      24 |      16 |  40.0 |       6 |       3 |  33.3
            +---------+---------+-------+---------+---------+-------
